 Dungeon Crawl Stone Soup version 0.28.0-43-g3370ac3207 (webtiles) character file.

Game seed: 9005691784650820046

34211 tizbic2 the Fighter (level 13, -11/127 HPs)
             Began as a Minotaur Hunter on Mar 7, 2022.
             Was a Priest of Ashenzari.
             Succumbed to a green very ugly thing's poison
             ... on level 2 of the Abyss on Mar 8, 2022.
             The game lasted 01:39:48 (17617 turns).

tizbic2 the Fighter (Minotaur Hunter)              Turns: 17617, Time: 01:39:49

Health: -11/127    AC: 21    Str: 17    XL:     13   Next: 41%
Magic:  12/12      EV:  9    Int:  6    God:    Ashenzari [***...]
Gold:   818        SH: 22    Dex:  9    Spells: 12/12 levels left

rFire   . . .      SeeInvis +   s - +11 flail "Pewaasan" {vorpal, +Blink rElec Dex-5 Stlth+}
rCold   . . .      Faith    .   v - +0 tower shield "Ordeal of the Firmament" {Alch, Range} (curse)
rNeg    . . .      Spirit   .   G - +0 plate armour
rPois   .          Reflect  .   i - +2 hat of Apeoromancy {Alch, Self} (curse)
rElec   +          Harm     .   (no cloak)
rCorr   +          Rampage  .   L - +0 pair of gloves "Astrological Secrets" {Fort, Melee} (curse)
Will    .....      Clarity  +   H - +0 pair of boots "Harvest Moon of the Sky" {Fort, Cun} (curse)
Stlth   ..........              N - amulet of the Wild Blue Yonder {Regen+, Melee, Fort} (curse)
HPRegen 0.00/turn               f - +4 ring of evasion
MPRegen 0.13/turn               E - ring of resist corrosion

@: lethally poisoned (-11 -> -106), sick, slowed, very slow
A: horns 2, retaliatory headbutt, fangs 1, large bone plates 1, dopey 1, weak 1
a: Renounce Religion, Evoke Blink, Shatter the Chains


You were on level 2 of the Abyss.
You worshipped Ashenzari.
Ashenzari was most pleased with you.
You visited 4 branches of the dungeon, and saw 14 of its levels.
You visited the Abyss 1 time.
You also visited: Ossuary.

You collected 878 gold pieces.
You spent 60 gold pieces at shops.

Inventory:

Hand Weapons
 a - a +1 mace of holy wrath
 s - the +11 flail "Pewaasan" (weapon) {vorpal, +Blink rElec Dex-5 Stlth+}
   (You found it on level 8 of the Dungeon)

   It inflicts extra damage upon your enemies.
   Dex:       It affects your dexterity (-5).
   rElec:     It insulates you from electricity.
   +Blink:    It lets you blink.
   Stlth:     It makes you more stealthy.
 w - a +2 fustibalus of freezing
 U - a +2 vorpal hunting sling
Missiles
 d - 24 sling bullets
 e - 332 stones
 q - 7 poisoned darts
 x - 7 curare-tipped darts
 J - a throwing net
 R - 6 javelins (quivered)
 T - 2 atropa-tipped darts
Armour
 i - the cursed +2 hat of Apeoromancy (worn) {Alch, Self}
   (You took it off Gastronok on level 8 of the Dungeon)

   It has a curse which improves the following skills: Alchemy: Poison Magic and
   Transmutations.
   Introspection: Fighting and Spellcasting.
 r - a +0 chain mail
 v - the cursed +0 tower shield "Ordeal of the Firmament" (worn) {Alch, Range}
   (You found it on level 3 of the Dungeon)

   It has a curse which improves the following skills: Alchemy: Poison Magic and
   Transmutations.
   Ranged Combat: Slings, Bows, Crossbows and Throwing.
 G - a +0 plate armour (worn)
 H - the cursed +0 pair of boots "Harvest Moon of the Sky" (worn) {Fort, Cun}
   (You found it on level 1 of the Lair of Beasts)

   It has a curse which improves the following skills: Fortitude: Armour and
   Shields.
   Cunning:   Dodging and Stealth.
 L - the cursed +0 pair of gloves "Astrological Secrets" (worn) {Fort, Melee}
   (You found it on level 3 of the Lair of Beasts)

   It has a curse which improves the following skills: Fortitude: Armour and
   Shields.
   Melee Combat: Short Blades, Long Blades, Axes, Maces & Flails, Polearms,
   Staves and Unarmed Combat.
Jewellery
 f - a +4 ring of evasion (left hand)
 E - a ring of resist corrosion (right hand)
 N - the cursed amulet of the Wild Blue Yonder (around neck) {Regen+, Melee, Fort}
   (You found it on level 2 of the Lair of Beasts)

   [amulet of regeneration]

   Regen:     It increases your rate of health regeneration.
   It has a curse which improves the following skills: Melee Combat: Short
   Blades, Long Blades, Axes, Maces & Flails, Polearms, Staves and Unarmed
   Combat.
   Fortitude: Armour and Shields.
 P - a ring of flight
Wands
 k - a wand of iceblast (15)
 u - a wand of digging (6)
 M - a wand of flame (32)
Scrolls
 h - a scroll of torment
 j - a scroll of fog
 n - 2 scrolls of magic mapping
 y - 3 scrolls of amnesia
 z - 2 scrolls of summoning
 A - 4 scrolls of vulnerability
 C - a scroll of teleportation
 D - a scroll of silence
 K - a scroll of brand weapon
 S - a scroll of holy word
Potions
 b - 3 potions of mutation
 c - a potion of ambrosia
 g - a potion of lignification
 l - 3 potions of curing
 m - 3 potions of berserk rage
 o - 2 potions of flight
 p - 4 potions of brilliance
 t - a potion of might
 B - 2 potions of heal wounds
 F - a potion of resistance
 I - 3 potions of magic
Miscellaneous
 Q - a condenser vane


   Skills:
 + Level 13.8(15.3) Fighting
 - Level 12.8(15.2) Maces & Flails
 - Level 11.6(13.1) Slings
 * Level 11.1(14.3) Armour
 - Level 2.2(3.5) Dodging
 - Level 0.9(1.8) Stealth
 + Level 12.8(16.0) Shields


You had 12 spell levels left.
You didn't know any spells.
Your spell library contained the following spells:

 Spells                   Type           Power      Damage    Failure   Level
 Summon Small Mammal      Summ           0%         N/A       100%        1
 Call Canine Familiar     Summ           0%         N/A       100%        3
 Portal Projectile        Hex/Tloc       0%         N/A       100%        3
 Summon Guardian Golem    Hex/Summ       0%         N/A       100%        3
 Tukima's Dance           Hex            0%         N/A       100%        3
 Anguish                  Hex/Necr       0%         N/A       100%        4
 Passage of Golubria      Tloc           0%         N/A       100%        4
 Blade Hands              Tmut           0%         N/A       100%        5
 Excruciating Wounds      Necr           0%         N/A       100%        5
 Yara's Violent Unravell  Hex/Tmut       0%         3d3       100%        5
 Enfeeble                 Hex            0%         N/A       100%        7


Dungeon Overview and Level Annotations

Branches:
Dungeon (8/15)             Temple (1/1) D:6            Lair (3/6) D:8
 Shoals (0/4) Lair:3       Spider (2/4) Lair:3      Ossuary (visited)

Altars:
Ashenzari
Cheibriados
Dithmenos
Elyvilon
Fedhas
Gozag
Hepliaklqana
Kikubaaqudgha
Makhleb
Nemelex Xobeh
Okawaru
Qazlal
Sif Muna
Trog
Uskayaw
Vehumet
Wu Jian
Yredelemnul
Zin
The Shining One

Shops:
D:4 !

Annotations:
D:5 exclusion: oklob plant
Spider:2 Louise


Innate Abilities, Weirdness & Mutations

You have a pair of horns on your head.
You reflexively headbutt those who attack you in melee.
You have very sharp teeth.
You are partially covered in large bone plates. (SH +4)
You are dopey. (Int -2)
You are weak. (Str -2)


Message History

* * * LOW HITPOINT WARNING * * *
You are engulfed in flames!
* * * LOW HITPOINT WARNING * * *
The naga warrior spits poison at you. The splash of poison hits you.
You are more poisoned.
* * * LOW HITPOINT WARNING * * *
The salamander hits you but does no damage.
A spatial vortex comes into view. x2
You feel very sick. The naga spits poison at you.
You block the splash of poison.
The salamander hits you but does no damage.
You block the naga's attack. x2
You feel very sick.
You feel ill. You block the salamander's attack.
The green very ugly thing kicks you but does no damage.
You block the salamander's attack.
A starspawn tentacle comes into view.
You feel sick.
A tentacle flies out from the starspawn's body!
A silent spectre comes into view.
You block the spatial maelstrom's attack.
The spatial maelstrom barely misses you.
You feel ill.
You block the green very ugly thing's attack.
A starspawn tentacle comes into view.
You feel better.
The spatial maelstrom barely misses you.
You block the spatial maelstrom's attack.
The salamander misses you.
A chaos spawn comes into view.
You block the guardian serpent's attack.
The green very ugly thing kicks you.
* * * LOW HITPOINT WARNING * * *
You are lethally poisoned!
The green very ugly thing poisons you! The salamander closely misses you.
A spatial vortex comes into view.
You are suddenly pulled into a different region of the Abyss!
You die...

, ** ≈ , #... *
, , ... , *...
*, , , .. ,, * ,
##.## # , ,
*##...##* ..#* ,
*
...#.....#.....
,
.......@.......,
,
...#.....#.....*
*, , *##...##
..#* , * , ##.##
* , # , , , * ..
*** * *..., * ,
..., , , , ,
#... ,,, , * * ,
*


There were no monsters in sight!

Vanquished Creatures
  Gastronok (D:8)
  An emperor scorpion (Spider:1)
  A broodmother (Spider:1)
  An entropy weaver (Spider:2)
  A spark wasp (Spider:1)
  2 boulder beetles
  Harold (D:7)
  3 hydras
  A sun moth (Spider:1)
  A wretched star (Abyss:2)
  A pharaoh ant (Spider:2)
  An orb spider (Spider:1)
  Pikel (D:7)
  4 wolf spiders (Spider:1)
  A moth of wrath (Spider:2)
  3 black mambas
  An elephant (Lair:3)
  2 torpor snails
  9 cane toads
  A rime drake (Lair:2)
  4 demonic crawlers (Spider:1)
  5 komodo dragons
  3 meliai
  2 polar bears (Lair:3)
  A blink frog (Lair:3)
  2 tarantellas (Spider:1)
  Grinder (D:5)
  5 jumping spiders (Spider:1)
  7 culicivoras
  A wyvern (D:8)
  14 yaks
  A basilisk (Lair:1)
  21 redbacks
  A steam dragon (D:7)
  A chaos spawn (Abyss:2)
  Edmund (D:4)
  Menkaure (D:7)
  13 water moccasins
  2 black bears
  2 orc warriors
  A sky beast (D:7)
  An ice beast (D:5)
  3 centaurs
  6 wolves (Lair:1)
  3 phantoms
  3 kobold brigands
  10 bullfrogs
  2 elf skeletons (D:7)
  5 scorpions
  3 water moccasin skeletons
  10 killer bees
  5 wights (D:8)
  An electric eel (Lair:2)
  A howler monkey (D:7)
  A bullfrog zombie (D:5)
  A crimson imp (D:4)
  A human zombie (Ossuary)
  2 centaur zombies
  2 jellies
  5 hounds
  2 orc priests
  An iron imp (Abyss:2)
  3 centaur skeletons (D:7)
  2 human skeletons (D:7)
  An iguana (D:6)
  Ijyb (D:4)
  Natasha (thrice) (D:3)
  4 orc wizards
  A scorpion zombie (D:5)
  4 mummies (Ossuary)
  6 gnolls
  12 adders
  A shadow imp (D:8)
  2 ufetubi
  An adder skeleton (D:4)
  9 worms
  A dart slug (D:2)
  23 orcs
  9 ball pythons
  8 bats
  4 endoplasms
  3 giant cockroaches
  11 goblins
  8 hobgoblins
  2 jackals (D:3)
  7 quokkas
  4 frilled lizards (D:1)
  2 goblin skeletons (D:4)
  3 goblin zombies
  A hobgoblin zombie (D:4)
  21 kobolds
  A kobold skeleton (D:4)
  3 kobold zombies (Ossuary)
  2 orc skeletons (D:7)
  4 orc zombies
  A quokka skeleton (D:4)
  8 rats
  2 starspawn tentacles (Abyss:2)
372 creatures vanquished.

Vanquished Creatures (collateral kills)
  A kobold (D:4)
1 creature vanquished.

Vanquished Creatures (others)
  62 fungi
  67 plants
  19 starspawn tentacles (Abyss:2)
148 creatures vanquished.

Grand Total: 521 creatures vanquished

Notes
Turn   | Place    | Note
-------+----------+-------------------------------------------
     0 | D:1      | tizbic2 the Minotaur Hunter began the quest for the Orb.
     0 | D:1      | Reached XP level 1. HP: 18/18 MP: 0/0
   121 | D:1      | Reached XP level 2. HP: 25/25 MP: 1/1
   318 | D:1      | Found a faded altar of an unknown god.
   401 | D:1      | Reached skill level 3 in Fighting
   403 | D:1      | Reached skill level 5 in Slings
   809 | D:2      | Reached XP level 3. HP: 31/31 MP: 2/2
  1116 | D:2      | Reached XP level 4. HP: 38/38 MP: 3/3
  1432 | D:2      | Found a burning altar of Makhleb.
  1514 | D:3      | Noticed Natasha
  1522 | D:3      | Killed Natasha
  1621 | D:3      | Reached skill level 4 in Fighting
  1648 | D:3      | Reached XP level 5. HP: 44/46 MP: 4/4
  1806 | D:3      | Noticed Natasha
  1817 | D:3      | Killed Natasha
  1893 | D:3      | Reached XP level 6. HP: 15/55 MP: 5/5
  2268 | D:3      | Reached skill level 5 in Fighting
  2325 | D:3      | Noticed Natasha
  2329 | D:3      | Killed Natasha
  2487 | D:3      | Found a hide-covered altar of Uskayaw.
  2490 | D:3      | Found a glowing silver altar of Zin.
  2877 | D:4      | Found a glowing golden altar of the Shining One.
  2888 | D:4      | Noticed Edmund
  2976 | D:4      | Killed Edmund
  2977 | D:4      | Reached skill level 1 in Shields
  2977 | D:4      | Reached XP level 7. HP: 5/38 MP: 6/6
  3841 | D:4      | Noticed Ijyb
  3864 | D:4      | Killed Ijyb
  3870 | D:4      | HP: 2/47 [acid (3)]
  4295 | D:4      | Reached skill level 6 in Fighting
  4310 | D:4      | Found Jalatouc's Distillery.
  4322 | D:4      | Bought a potion of heal wounds for 60 gold pieces
  4335 | D:4      | Found an ornate altar of the Wu Jian Council.
  4435 | D:4      | Identified the +0 leather armour of the Cricket {-Tele
                  | rElec Str+3}
  4572 | D:5      | Entered Level 5 of the Dungeon
  4925 | D:5      | Noticed Grinder
  4936 | D:5      | Paralysed by Grinder for 7 turns
  5413 | D:5      | Paralysed by Grinder for 7 turns
  5445 | D:5      | Killed Grinder
  5446 | D:5      | Reached XP level 8. HP: 46/71 MP: 7/7
  6022 | D:5      | Reached skill level 7 in Fighting
  6093 | D:5      | Found a blossoming altar of Fedhas.
  6168 | D:5      | Noticed an oklob plant
  6365 | D:6      | Found a staircase to the Ecumenical Temple.
  6374 | D:6      | Reached skill level 1 in Maces & Flails
  6391 | Temple   | Entered the Ecumenical Temple
  6515 | Temple   | Became a worshipper of Ashenzari the Shackled
  6580 | D:6      | Found a shadowy altar of Dithmenos.
  6582 | D:6      | Found a hazy altar of Hepliaklqana.
  6616 | D:6      | Reached skill level 10 in Slings
  6993 | D:6      | Reached skill level 5 in Shields
  7148 | D:7      | Reached XP level 9. HP: 21/79 MP: 8/8
  7394 | D:7      | Found a sand-covered staircase.
  7401 | Ossuary  | Entered an ossuary
  7543 | Ossuary  | Gained mutation: You are weak. (Str -2) [potion of
                  | mutation]
  7543 | Ossuary  | Gained mutation: You have very sharp teeth. [potion of
                  | mutation]
  7543 | Ossuary  | Gained mutation: You are dopey. (Int -2) [potion of
                  | mutation]
  7543 | Ossuary  | Gained mutation: You are partially covered in large bone
                  | plates. (SH +4) [potion of mutation]
  7761 | D:7      | Noticed Harold
  7791 | D:7      | Killed Harold
  7792 | D:7      | Reached skill level 8 in Fighting
  8704 | D:7      | Noticed Menkaure
  8712 | D:7      | Killed Menkaure
  8713 | D:7      | Reached skill level 5 in Maces & Flails
  8977 | D:7      | Found a bloodstained altar of Trog.
  9037 | D:7      | Noticed a boulder beetle
  9101 | D:7      | Killed a boulder beetle
  9102 | D:7      | Reached skill level 9 in Fighting
  9102 | D:7      | Reached XP level 10. HP: 72/91 MP: 9/9
  9170 | D:7      | Noticed Pikel
  9186 | D:7      | Killed Pikel
  9574 | D:8      | Found a staircase to the Lair.
 10209 | D:8      | Reached skill level 10 in Fighting
 10398 | D:8      | Identified the +11 flail "Pewaasan" {vorpal, +Blink rElec
                  | Dex-5 Stlth+}
 10472 | D:8      | Noticed Gastronok
 10489 | D:8      | HP: 1/93 [Gastronok (20)]
 10917 | D:8      | Killed Gastronok
 11265 | D:8      | Reached * piety under Ashenzari
 11307 | D:8      | Reached XP level 11. HP: 83/102 MP: 10/10
 11468 | D:8      | Found a stormy altar of Qazlal.
 12275 | Lair:1   | Entered Level 1 of the Lair of Beasts
 12423 | Lair:1   | Reached skill level 10 in Maces & Flails
 12610 | Lair:1   | Noticed a four-headed hydra
 12621 | Lair:1   | Killed a four-headed hydra
 12887 | Lair:1   | Reached skill level 11 in Fighting
 13656 | Lair:2   | Reached skill level 10 in Shields
 13843 | Lair:2   | Noticed a four-headed hydra
 13851 | Lair:2   | Killed a four-headed hydra
 14008 | Lair:2   | Reached skill level 1 in Armour
 14197 | Lair:2   | Reached ** piety under Ashenzari
 14720 | Lair:3   | Reached XP level 12. HP: 115/115 MP: 11/11
 14873 | Lair:3   | Found a staircase to the Shoals.
 14990 | Lair:3   | Reached skill level 12 in Fighting
 15034 | Lair:3   | Noticed a five-headed hydra
 15044 | Lair:3   | Killed a five-headed hydra
 15045 | Lair:3   | Reached skill level 5 in Armour
 15131 | Lair:3   | Noticed a seven-headed hydra
 15313 | Lair:3   | Found a hole to the Spider Nest.
 15313 | Lair:3   | Noticed a boulder beetle
 15447 | Lair:3   | Killed a boulder beetle
 15618 | Spider:1 | Entered Level 1 of the Spider Nest
 15717 | Spider:1 | Noticed a spark wasp
 15725 | Spider:1 | Killed a spark wasp
 15855 | Spider:1 | Reached skill level 13 in Fighting
 15913 | Spider:1 | Noticed a broodmother
 16064 | Spider:1 | Reached XP level 13. HP: 125/125 MP: 12/12
 16095 | Spider:1 | Killed a broodmother
 16244 | Spider:1 | Reached skill level 10 in Armour
 16820 | Spider:1 | Reached *** piety under Ashenzari
 17035 | Spider:2 | Noticed an emperor scorpion
 17092 | Spider:1 | Killed an emperor scorpion
 17326 | Spider:2 | Noticed an entropy weaver
 17336 | Spider:2 | Killed an entropy weaver
 17354 | Spider:2 | Noticed Louise
 17370 | Spider:2 | Cast into level 2 of the Abyss (Louise)
 17458 | Abyss:2  | Noticed a deep elf elementalist
 17489 | Abyss:2  | Noticed a tentacled starspawn
 17508 | Abyss:2  | Noticed a green very ugly thing
 17593 | Abyss:2  | Noticed a bone dragon
 17597 | Abyss:2  | Noticed a tentacled starspawn
 17617 | Abyss:2  | Succumbed to a green very ugly thing's poison

Illustrated notes

Levels and vault maps discovered:
D:1:      dpeg_arrival_rhombus, layout_loops_ring,
          shapermc_ecumenical_altar_venn, kennysheep_decorative_pillar
D:2:      layout_basic, basic_altar
D:3:      cheibrodos_thug_alley, layout_loops_ring, jmf_multi_god_temple,
          minmay_misc_feat_plants, minmay_snake_closets, uniq_natasha
D:4:      kennysheep_the_goblin_king, layout_loops_ring,
          mainiacjoe_overflow_alcove_4, nicolae_tso_besieged_by_evil,
          serial_shops, nicolae_square_shop, uniq_edmund
D:5:      layout_basic, tgw_fedhas, uniq_grinder
D:6:      layout_rooms, riverfiend_overflow_shadow_ancestor,
          minmay_temple_entry_ruins
D:7:      layout_loops_ring, trog_book, nicolae_ossuary_entry_catacombs,
          uniq_pikel, uniq_menkaure, uniq_harold
D:8:      layout_loops_ring, nicolae_qazlal_eye_of_the_storm,
          due_lair_maze_entry_diamond, serial_rivers,
          chequers_serial_rivers_small_3, chequers_serial_rivers_large_b,
          chequers_serial_rivers_room_a, chequers_serial_rivers_micro_e,
          chequers_serial_rivers_room_b, uniq_gastronok
Temple:   minmay_temple_curvy_loop
Lair:1:   layout_gridlike
Lair:2:   layout_loops_ring, minivault_26, infiniplex_staircase_pool,
          serial_bayou_shore_a
Lair:3:   layout_regular_city, minmay_shoals_entry_centaurs,
          nicolae_spider_entry_non_spiders, chequers_serial_rivers_room_b,
          nzn_random_ring
Spider:1: layout_spider_delve
Spider:2: layout_spider_delve, uniq_louise
Abyss:2:  base: Temple, hangedman_abyss_stitches_cave,
          hangedman_abyss_stitches_cave, evilmike_abyss_exit_10,
          hangedman_decor_riveting, hangedman_classic_abyss_death,
          hangedman_decor_riveting, minivault_27

Skill      XL: |  1  2  3  4  5  6  7  8  9 10 11 12 13 |
---------------+----------------------------------------+-----
Fighting       | 3 4 5 6 7 9 10 11 13 | 13.8
Slings         | 5 6 7 9 10 11 | 11.6
Shields        | 1 3 5 7 8 10 12 | 12.8
Maces & Flails | 2 6 9 12 | 12.8
Armour         | 3 9 11 | 11.1
Dodging        | |  2.2
Stealth        | |  0.9

Action                   |  1- 3 |  4- 6 |  7- 9 | 10-12 | 13-15 || total
-------------------------+-------+-------+-------+-------+-------++-------
Melee: Dagger            |     6 |    13 |       |       |       ||    19
       Headbutt          |     1 |    22 |    65 |   103 |    44 ||   235
       Mace              |       |    64 |   199 |    42 |       ||   305
       Flail             |       |       |    92 |   403 |   170 ||   665
       Morningstar       |       |       |     8 |    49 |       ||    57
       Bite              |       |       |    10 |    62 |    22 ||    94
 Fire: Hunting sling     |    91 |    94 |   127 |   241 |    13 ||   566
       Fustibalus        |       |       |       |       |     9 ||     9
Throw: Dart              |       |       |     6 |     2 |       ||     8
       Javelin           |       |       |       |     2 |       ||     2
Invok: Curse Item        |       |       |     1 |     3 |     1 ||     5
 Abil: Evoke Blink       |       |       |       |     1 |       ||     1
Evoke: Wand              |       |       |     2 |       |       ||     2
  Use: Scroll            |     3 |       |     3 |     9 |     2 ||    17
       Potion            |       |     2 |     3 |     4 |     6 ||    15
Armor: Leather armour    |     2 |     3 |       |       |       ||     5
       Chain mail        |       |    35 |   146 |    41 |       ||   222
       Plate armour      |       |       |       |   155 |    96 ||   251
Dodge: Dodged            |    17 |    75 |   106 |    95 |    66 ||   359
Block: Tower shield      |       |    43 |   270 |   584 |   291 ||  1188
